 Dungeon Crawl Stone Soup version 0.24.1-14-gf8d2b509d9 (webtiles) character file.

Game seed: 7325167860580928254, levelgen mode: deterministic

63 Hugehornet the Magician (level 3, 0/31 HPs)
             Began as a Troll Wizard on May 22, 2020.
             Slain by a gnoll
             ... wielding a +0 spear
              (6 damage)
             ... on level 2 of the Dungeon.
             The game lasted 00:02:53 (1030 turns).

Hugehornet the Magician (Troll Wizard)              Turns: 1030, Time: 00:02:54

Health: 0/31       AC:  6    Str: 15    XL:     3   Next: 89%
Magic:  0/6        EV:  9    Int: 20    God:
Gold:   83         SH:  0    Dex:  8    Spells: 4/7 levels left

rFire    . . .     SeeInvis .   (no weapon)
rCold    . . .     Gourm    +   (no shield)
rNeg     . . .     Faith    .   a - +0 robe
rPois    .         Spirit   .   b - +0 hat
rElec    .         Reflect  .   (no cloak)
rCorr    .         Harm     .   (gloves unavailable)
MR       .....                  (boots unavailable)
Stlth    +.........             (no amulet)
HPRegen  0.50/turn              (no ring)
MPRegen  0.10/turn              (no ring)

@: brilliant
A: large, unfitting armour, claws 3, fast metabolism 3, gourmand, regeneration
1, shaggy fur 1, tough skin 3
a: no special abilities


You were on level 2 of the Dungeon.
You were not hungry.

You visited 1 branch of the dungeon, and saw 2 of its levels.

You collected 83 gold pieces.

Inventory:

Hand Weapons
 i - a +0 club
Armour
 a - a +0 robe (worn)
 b - a +0 hat (worn)
Magical Staves
 j - an uncursed staff of summoning
Scrolls
 c - 2 scrolls of enchant weapon {unknown}
 e - a scroll of remove curse {unknown}
 h - a scroll of identify {unknown}
Potions
 f - a potion of brilliance
Comestibles
 d - 6 rations


   Skills:
 + Level 1.7 Maces & Flails
 - Level 1.5 Dodging
 - Level 1.0 Stealth
 - Level 2.7 Spellcasting
 - Level 0.6 Conjurations
   Level 0.6 Summonings
 - Level 0.6 Translocations


You had 4 spell levels left.
You knew the following spells:

 Your Spells              Type           Power        Failure   Level  Hunger
a - Magic Dart            Conj           ###.         1%          1    None
b - Blink                 Tloc           N/A          2%          2    ##.....

Your spell library contained the following spells:

 Spells                   Type           Power        Failure   Level  Hunger
 Call Imp                 Summ           ###.....     2%          2    ##.....
 Slow                     Hex            ##......     2%          2    ##.....
 Conjure Flame            Conj/Fire      ###.....     4%          3    ###....
 Mephitic Cloud           Conj/Pois/Air  ###.....     4%          3    ###....


Dungeon Overview and Level Annotations

Branches:
Dungeon (2/15)

Altars:
Kikubaaqudgha


Innate Abilities, Weirdness & Mutations

You are too large for most types of armour.
You have claws for hands.
Your metabolism is lightning-fast.
You like to eat raw meat.
Your natural rate of healing is unusually fast.
You are covered in fur. (AC +1)
You have extremely tough skin. (AC +3)


Message History

The gnoll hits you but does no damage. The gnoll hits you but does no damage.
The gnoll hits you from afar with a +0 halberd!
* * * LOW HITPOINT WARNING * * *
The gnoll hits you from afar with a +0 halberd.
* * * LOW HITPOINT WARNING * * *
The gnoll hits you but does no damage.
Your magical contamination has completely faded away.
Casting: Magic Dart (safe; 1% risk of failure)
Confirm with . or Enter, or press ? or * to list all spells.
Aiming: Magic Dart (safe; 1% risk of failure)
Press: ? - help, Shift-Dir - straight line, f/p - gnoll
Aim: a gnoll, wielding a +0 halberd (severely wounded)
The magic dart hits the gnoll.
You kill the gnoll!
You feel less wooden.
Your +0 hat unmelds from your body.
Your +0 robe unmelds from your body.
The gnoll hits you but does no damage. The gnoll hits you with a +0 spear.
You die...

.... #...+...# .....
..... #...###.### .....
..... ####..S....##...#
......#.............###.
......#[................
........##.#..#.........
......#.##.#.......#####
..... #g##g##.##........
w... #@##g##.#.....#..#
... #.##ยง##.#.........
.. #.)..#.##.####......
. #.##.#.# #.........
#.........#.#....#.#
#.#..######'#.#.....
#?.#........#...##
....+............##
######..............


You could see a gnoll.

Vanquished Creatures
  2 gnolls (D:2)
  An ooze (D:1)
  A worm (D:2)
  2 dart slugs (D:1)
  2 leopard geckos (D:1)
  3 bats
  2 giant cockroaches (D:1)
  3 goblins
  3 hobgoblins (D:2)
  3 frilled lizards
  4 kobolds
  10 rats
36 creatures vanquished.

Notes
Turn   | Place    | Note
-------+----------+-------------------------------------------
     0 | D:1      | Hugehornet the Troll Wizard began the quest for the Orb.
     0 | D:1      | Reached XP level 1. HP: 16/16 MP: 2/2
   104 | D:1      | Reached XP level 2. HP: 14/24 MP: 4/4
   544 | D:1      | Reached XP level 3. HP: 31/31 MP: 6/6
   652 | D:1      | Learned a level 2 spell: Blink
   804 | D:2      | Found an ancient bone altar of Kikubaaqudgha.
   975 | D:2      | Reached skill level 1 in Maces & Flails
  1030 | D:2      | Slain by a gnoll

Levels and vault maps discovered:
D:1:      onia_arrival_mini_maze, layout_basic, minmay_misc_feat_five,
          fountainhead
D:2:      layout_basic, kiku_gazebo_pond_becter

Skill      XL: |  1  2  3 |
---------------+----------+-----
Maces & Flails | 1 |  1.7
Dodging        | |  1.5
Stealth        | |  1.0
Spellcasting   | |  2.7
Conjurations   | |  0.6
Summonings     | |  0.6
Translocations | |  0.6

Action                   || total
-------------------------++-------
Melee: Unarmed           ||   121
 Cast: Magic Dart        ||     5
       Blink             ||     1
  Use: Potion            ||     2
 Stab: Sleeping          ||     5
  Eat: Chunk             ||     9
Armor: Robe              ||    38
       Skin              ||    29
Dodge: Dodged            ||    57
